[Event "*** Titled Tuesday Blitz"]
[Site "Chess.com"]
[Date "2020.04.28"]
[Round "5"]
[White "hazy13"]
[Black "Omk124"]
[Result "0-1"]
[WhiteElo "2194"]
[BlackElo "2355"]
[TimeControl "180+1"]
[EndTime "10:55:51 PDT"]
[Termination "Omk124 won by resignation"]

1. d4 Nf6 2. c4 g6 3. Nc3 d5 4. Nf3 Bg7 5. Bf4 O-O 6. e3 c5 7. dxc5 Qa5 8. Rc1 dxc4 9. Bxc4 Nc6 10. O-O Qxc5 11. Bb3 Qh5 12. h3 Rd8 13. Qe2 Na5 14. Bxf7+ Kxf7 15. Bc7 Nc6 16. Bxd8 Nxd8 17. Nb5 Nc6 18. Nc7 Rb8 19. Na6 bxa6 20. Rxc6 Qb5 21. Qc2 Bf5 22. Qc3 Nd5 23. Ng5+ Kg8 24. Qc5 Bf6 25. e4 Bd7 26. Qxb5 Rxb5 27. Rxa6 Bxg5 28. exd5 Rxb2 29. Rxa7 Bb5 30. Re1 Bf6 31. d6 exd6 32. Rb7 Be5 33. a4 Bxa4 34. Rxe5 Rxb7 35. Re6 Kg7 36.
Rxd6 Be8 37. Rd4 Bf7 38. Re4 Rd7 39. Re3 Rd6 40. Rg3 Rf6 41. Kh2 h5 42. f3 Kh6 43.
h4 Rf4 44. Rg5 Rxh4+ 45. Kg3 Kxg5 46. f4+ Rxf4 0-1

[Event "*** Titled Tuesday Blitz"]
[Site "Chess.com"]
[Date "2020.04.28"]
[Round "5"]
[White "kingofkolkata"]
[Black "m-garcett"]
[Result "1-0"]
[WhiteElo "2237"]
[BlackElo "2067"]
[TimeControl "180+1"]
[EndTime "10:55:51 PDT"]
[Termination "kingofkolkata won on time"]

1. d4 Nf6 2. Nf3 g6 3. Bf4 Bg7 4. h3 d6 5. Bh2 O-O 6. e3 c5 7. c3 Qb6 8. Qb3 Be6 9. Qxb6 axb6 10. a3 Nc6 11. Nbd2 cxd4 12. cxd4 Rfc8 13. Bd3 Na5 14.
O-O Nc4 15. Nxc4 Bxc4 16. Bxc4 Rxc4 17. Rac1 Rac8 18. Rxc4 Rxc4 19. Bf4 Rc2 20. Rb1 Ne4 21. Bg3 Nxg3 22. fxg3 Bh6 23. Re1 Rxb2 24. g4 Rb3 25.
g5 Bg7 26. a4 e5 27. dxe5 dxe5 28. e4 Ra3 29. Rc1 Rxa4 30. Rc8+ Bf8 31. Nxe5 Kg7 32.
Nd7 Bc5+ 33. Kf1 Bd4 34. e5 Ra5 35. Nf6 Ra1+ 36. Ke2 Ra2+ 37. Kd3 1-0

[Event "*** Titled Tuesday Blitz"]
[Site "Chess.com"]
[Date "2020.04.28"]
[Round "5"]
[White "Ind1anStar"]
[Black "Sethu0025"]
[Result "1/2-1/2"]
[WhiteElo "2592"]
[BlackElo "2827"]
[TimeControl "180+1"]
[EndTime "10:55:52 PDT"]
[Termination "Game drawn by agreement"]

1. c4 e6 2. Nf3 d5 3. e3 Nf6 4.
Nc3 b6 5. b3 Bb7 6. Bb2 a6 7. d4 Bd6 8. Bd3 O-O 9. O-O Nbd7 10.
Qe2 Ne4 11. Rad1 Qe7 12. Bxe4 dxe4 13. Nd2 f5 14. f3 exf3 15. Nxf3 c5 16. d5 Nf6 17. e4 fxe4 18. Nxe4 Nxe4 19. Qxe4 exd5 20. Qxe7 Bxe7 21. cxd5 Rad8 22. Rfe1 Bf6 23. Bxf6 Rxf6 24. Re7 Bxd5 25. Ne5 Rfd6 26. h3 h6 27. Ra7 b5 28. h4 Re8 29. Nf7 Rf6 30. Rxd5 Rxf7 31. Rxf7 Kxf7 32. Rxc5 Re2 33. a4 b4 34. Rc7+ Kg8 35.
Rb7 a5 36. Rb5 Re3 37. Rxa5 Rxb3 38. Rb5 Kh7 39. h5 Rb1+ 40. Kh2 b3 41. a5 b2 42. a6 Ra1 43. Rxb2 Rxa6 44. Rb5 Rf6 45. Kh3 Rf1 46. g4 Rf3+ 47. Kg2 Rf6 48. Re5 Rd6 1/2-1/2

[Event "*** Titled Tuesday Blitz"]
[Site "Chess.com"]
[Date "2020.04.28"]
[Round "5"]
[White "ElHelvetico"]
[Black "imdarealist"]
[Result "0-1"]
[WhiteElo "2637"]
[BlackElo "2308"]
[TimeControl "180+1"]
[EndTime "10:55:52 PDT"]
[Termination "imdarealist won by resignation"]

1. e4 e5 2. f4 d5 3. exd5 exf4 4. Nf3 Nf6 5. Bc4 Bd6 6. O-O O-O 7. Nc3 Bg4 8. d3 c6 9. dxc6 Nxc6 10. h3 Bh5 11.
Qe1 Re8 12. Qh4 Bxf3 13. Rxf3 Nd4 14. Rxf4 Bxf4 15. Bxf4 Qb6 16. Kh2 Qxb2 17. Rb1 Qxc2 18. Rc1 Nf3+ 19. Kg3 Qxc1 20. Bxc1 Nxh4 21. Kxh4 Rac8 22.
Bg5 Re5 23. Bxf6 gxf6 24. Kg4 Rg5+ 25. Kf3 a6 26. Nd5 Kg7 27. g4 b5 28. Bb3 Re5 29.
h4 Rd8 30. Nf4 a5 31. a4 bxa4 32. Bxa4 Rd4 33. Bc6 Rc5 34. Be4 a4 35. Ne2 Rxe4 36. Kxe4 a3 37. Nd4 Rc3 38. Nf5+ Kf8 39. Ne3 a2 40. Nd5 Rc8 41. Nb6 Re8+ 42. Kd5 a1=Q 43.
Nd7+ Kg7 44. d4 Rd8 45. Kc6 Rxd7 46. Kxd7 Qxd4+ 0-1

[Event "*** Titled Tuesday Blitz"]
[Site "Chess.com"]
[Date "2020.04.28"]
[Round "5"]
[White "maciek_92"]
[Black "Milchone1"]
[Result "1-0"]
[WhiteElo "2676"]
[BlackElo "2495"]
[TimeControl "180+1"]
[EndTime "10:55:52 PDT"]
[Termination "maciek_92 won by resignation"]

1. e4 e5 2. Nf3 Nc6 3. Bb5 Nge7 4. c3 a6 5. Ba4 g6 6. d4 exd4 7. Bg5 Bg7 8. O-O h6 9. Bh4 b5 10. Bb3 g5 11. Bg3 dxc3 12. Nxc3 d6 13. a4 Rb8 14. axb5 axb5 15. Nd5 O-O 16. Rc1 Be6 17. h4 g4 18. Nh2 h5 19. Bf4 Bxd5 20. Bxd5 Ne5 21.
Bg5 Qd7 22. f4 gxf3 23. Nxf3 Nxd5 24. Nxe5 dxe5 25. exd5 f6 26. Be3 Qf7 27. Rc5 Rfd8 28.
Qc2 Rd7 29. Rc1 Rb7 30. Qf5 b4 31. d6 Rxd6 32. Qc8+ Kh7 33. Qxb7 Rd3 34. Qe4+ Qg6 35. Qxg6+ Kxg6 36. Kf2 Bf8 37. Rxc7 Kf5 38. Ke2 Rb3 39.
R1c2 Ke4 40. R7c4+ Kd5 41. Rc8 Be7 42. Rd2+ Ke4 43.
Rc4+ Kf5 44. Rcc2 Ke6 45. Rd3 Rxd3 46. Kxd3 f5 47. Rc6+ Kd5 48. Ra6 e4+ 49. Kc2 Bd6 50.
Ra5+ Ke6 51. Kd2 f4 52. Rxh5 fxe3+ 53. Kxe3 Be5 54. b3 Kd5 55. g4 Ke6 56. Kxe4 Bc3 57. Rb5 Kf6 58. h5 Bd2 59. g5+ Bxg5 60. Rf5+ Ke6 61.
Rxg5 1-0

[Event "*** Titled Tuesday Blitz"]
[Site "Chess.com"]
[Date "2020.04.28"]
[Round "5"]
[White "IlzeBerzina"]
[Black "WelshTiger"]
[Result "0-1"]
[WhiteElo "2154"]
[BlackElo "2340"]
[TimeControl "180+1"]
[EndTime "10:55:52 PDT"]
[Termination "WelshTiger won by resignation"]

1. e4 c5 2. Nf3 Nc6 3. Bb5 g6 4. O-O Bg7 5. Re1 e5 6. c3 Nge7 7. d4 cxd4 8. cxd4 exd4 9. Bf4 O-O 10. Nbd2 d5 11. e5 Qb6 12. Ba4 Qxb2 13. Nb3 Qa3 14. Bb5 Bg4 15. Be2 Rac8 16. Nbxd4 Nxd4 17. Nxd4 Bxe2 18. Qxe2 Rc4 19. Rad1 a6 20. Bg5 Re8 21. h4 Qc3 22. Nf3 Re4 23. Qd2 Rxe1+ 24. Rxe1 Qxd2 25. Bxd2 Nc6 26. Bf4 h6 27. Rd1 Rd8 28. Kf1 Kf8 29.
Ke2 Ke7 30. Rd2 Ke6 31. Rd3 d4 32. Rb3 b5 33. a4 b4 34. Bd2 a5 35. Kd3 Kd5 36. Bf4 Rc8 37. Rb2 Nxe5+ 38. Nxe5 Rc3+ 39. Kd2 Bxe5 40. Bxh6 Kc4 41. Rb1 b3 42. Bg5 Rc2+ 43. Ke1 d3 44. Kd1 Rxf2 0-1

[Event "*** Titled Tuesday Blitz"]
[Site "Chess.com"]
[Date "2020.04.28"]
[Round "5"]
[White "belisarius64"]
[Black "Riptide27"]
[Result "1/2-1/2"]
[WhiteElo "2623"]
[BlackElo "2481"]
[TimeControl "180+1"]
[EndTime "10:55:53 PDT"]
[Termination "Game drawn by repetition"]

1. e4 e5 2. Nf3 Nc6 3. Bb5 a6 4.
Ba4 Nf6 5. O-O Be7 6. Re1 b5 7. Bb3 d6 8. c3 O-O 9. h3 Nb8 10. d4 Nbd7 11. Nbd2 Bb7 12. Bc2 Re8 13. Nf1 Bf8 14.
Ng3 g6 15. Bg5 h6 16. Bd2 Bg7 17. a4 c6 18. Bd3 d5 19. dxe5 Nxe4 20. Nxe4 dxe4 21.
Bxe4 Nxe5 22. Nxe5 Rxe5 23. Bf4 Qxd1 24. Raxd1 Re7 25.
Bd6 Rd7 26. Bc5 Rad8 27. Rxd7 Rxd7 28. Bf3 Bf6 29. Re8+ Kg7 30. axb5 axb5 31. Rb8 Be5 32. Re8 Bf6 33. Ba3 Rd8 34. Bf8+ Kh7 35. Rxd8 Bxd8 36. g4 Bg5 37. Be4 Kg8 38. Bc5 Bc1 39. b4 Bd2 40. Bd4 Kf8 41. Kf1 Ke7 42. Ke2 Bf4 43. Kd3 Kd7 44. Be3 Bxe3 45. Kxe3 Kd6 46. f4 Bc8 47.
Kd4 Bd7 48. f5 g5 49. Bc2 f6 50. Bb3 Bc8 51. Bf7 Bd7 52. c4 bxc4 53. Bxc4 Bc8 54. Bd3 Bb7 55. Be2 Bc8 56. Bc4 Bb7 57. Be6 Ba6 58.
Bc4 Bb5 59. Bb3 Ba6 60. Bc4 Bb5 61. Bxb5 cxb5 62. Ke4 Kc6 63. Kd4 Kd6 64. Ke4 Kc6 65. Kd4 Kd6 1/2-1/2

[Event "*** Titled Tuesday Blitz"]
[Site "Chess.com"]
[Date "2020.04.28"]
[Round "5"]
[White "LikeWater"]
[Black "Olga_Girya"]
[Result "1-0"]
[WhiteElo "2754"]
[BlackElo "2454"]
[TimeControl "180+1"]
[EndTime "10:55:53 PDT"]
[Termination "LikeWater won on time"]

1. e4 c6 2. Nf3 d5 3. d3 dxe4 4. dxe4 Qxd1+ 5. Kxd1 Nf6 6. Nfd2 g6 7. a4 Bh6 8. f3 Nbd7 9. Nc4 Bxc1 10. Kxc1 O-O 11.
Nbd2 Nc5 12. b4 Ne6 13. c3 Rd8 14. a5 Bd7 15. Kc2 Be8 16. g3 c5 17. Bh3 cxb4 18. Bxe6 bxc3 19. Kxc3 fxe6 20. Rab1 Bc6 21. Ne5 Rac8 22.
Ndc4 Nxe4+ 23. fxe4 Bxe4 24. Rhe1 Bxb1 25. Rxb1 Rd5 26.
Kb4 Rcc5 27. Re1 Kg7 28. h4 b5 29. axb6 axb6 30. Nf3 Rd3 31. Ng5 Kg8 32. Nxe6 Rf5 33. g4 Rff3 34. Ne5 Rb3+ 35. Kc4 Rfe3 36. Rf1 Re4+ 37.
Kd5 1-0

[Event "*** Titled Tuesday Blitz"]
[Site "Chess.com"]
[Date "2020.04.28"]
[Round "5"]
[White "Art10ECHR"]
[Black "LizaSolovyova"]
[Result "1/2-1/2"]
[WhiteElo "2383"]
[BlackElo "2537"]
[TimeControl "180+1"]
[EndTime "10:55:53 PDT"]
[Termination "Game drawn by repetition"]

1. c4 e5 2. g3 d6 3. d4 Nc6 4.
Nf3 Bg4 5. d5 Bxf3 6. exf3 Nd4 7. Be3 Qf6 8. Bg2 Ne7 9. Nc3 Nef5 10. O-O Be7 11. Qa4+ Kf8 12. Rae1 h5 13. f4 a6 14. Qd1 b5 15. b3 Qg6 16. Ne2 Bf6 17. Be4 Nxe3 18. Qd3 Nf3+ 19. Kh1 Nxe1 20. Rxe1 Qg4 21.
fxe3 h4 22. Kg1 hxg3 23. hxg3 Qh3 24. Bg2 Qh2+ 25. Kf2 exf4 26. exf4 Re8 27. Rh1 Qxh1 28. Bxh1 Rxh1 29. Kg2 Re1 30. Ng1 R1e3 31. Qf1 b4 32. c5 dxc5 33. Qxa6 Bd4 34. Qc6 Rc3 35. Nf3 Re2+ 36.
Kh3 Rxf3 37. Qxc7 Kg8 38. Qd8+ Kh7 39. Qh4+ Kg8 40. Qd8+ Kh7 41. Qh4+ Kg8 42. Qd8+ 1/2-1/2

[Event "*** Titled Tuesday Blitz"]
[Site "Chess.com"]
[Date "2020.04.28"]
[Round "5"]
[White "CalinGheorghiu"]
[Black "tsvet2005"]
[Result "1-0"]
[WhiteElo "2339"]
[BlackElo "2499"]
[TimeControl "180+1"]
[EndTime "10:55:53 PDT"]
[Termination "CalinGheorghiu won by checkmate"]

1. d4 d5 2. c4 e6 3. Nc3 c6 4. e4 dxe4 5. Nxe4 Bb4+ 6. Bd2 Qxd4 7. Bxb4 Qxe4+ 8. Ne2 Na6 9. Bc3 f6 10. f3 Qxc4 11.
Nd4 Qd5 12. Bxa6 bxa6 13. O-O Ne7 14. Qa4 e5 15. Nb3 Qb5 16. Qh4 Nf5 17. Qe4 Qd5 18. Qe2 O-O 19. Rad1 Qb5 20. Qe4 Be6 21. f4 Qc4 22.
Qe1 e4 23. Nd4 e3 24. Nxf5 Bxf5 25. Qxe3 Qxa2 26. Qc5 Be4 27. Rfe1 Bd5 28. Re7 Qb3 29.
Rde1 Rab8 30. Rxg7+ Kxg7 31. Qe7+ Kg8 32. Bxf6 Qb6+ 33. Kh1 Rb7 34. Qe5 Qc7 35. Qg5+ Kf7 36. Qg7# 1-0

[Event "*** Titled Tuesday Blitz"]
[Site "Chess.com"]
[Date "2020.04.28"]
[Round "5"]
[White "kleopl"]
[Black "PetrolulSah"]
[Result "1-0"]
[WhiteElo "2481"]
[BlackElo "2206"]
[TimeControl "180+1"]
[EndTime "10:55:54 PDT"]
[Termination "kleopl won by resignation"]

1. c4 e6 2. Nc3 d5 3. d4 Nf6 4.
Bg5 Be7 5. cxd5 Nxd5 6. Bxe7 Qxe7 7. e4 Nxc3 8. bxc3 c5 9. Nf3 cxd4 10. cxd4 Qb4+ 11.
Qd2 Nc6 12. Qxb4 Nxb4 13. Kd2 O-O 14. Bb5 a6 15. Rhb1 axb5 16. Rxb4 Bd7 17. Ne5 Bc6 18.
f3 f6 19. Nd3 Rfd8 20. Ke3 Ra4 21. Rxa4 bxa4 22. a3 Ra8 23. Rb1 Kf7 24. Nc5 Ra7 25. Rb4 Ke7 26. h4 Kd6 27. Nd3 b5 28.
Rb1 Be8 29. Rc1 Ra8 30. e5+ Ke7 31. Rc7+ Kf8 32. Nc5 fxe5 33. Nxe6+ Kg8 34. Rxg7+ Kh8 35. Rb7 exd4+ 36. Nxd4 Rc8 37. Kd2 Rc5 38. Rb8 Re5 39. f4 Re4 40. Kd3 Re7 41. Nxb5 Kg7 42. Nd4 Bf7 43. Nf5+ Kf6 44. Nxe7 Kxe7 45. Rb7+ Kf6 46. g4 Bb3 47. Rxb3 axb3 48. Kc3 h5 49. gxh5 Kf5 50.
Kxb3 1-0

[Event "*** Titled Tuesday Blitz"]
[Site "Chess.com"]
[Date "2020.04.28"]
[Round "5"]
[White "crazy_but_lazy"]
[Black "DonPreuss"]
[Result "1-0"]
[WhiteElo "2357"]
[BlackElo "2195"]
[TimeControl "180+1"]
[EndTime "10:55:55 PDT"]
[Termination "crazy_but_lazy won on time"]

1. e4 e5 2. Nf3 d5 3. exd5 e4 4. Qe2 Nf6 5. d3 Qxd5 6. Nbd2 Be7 7. Nxe4 O-O 8. c3 Bf5 9. Nxf6+ Bxf6 10. Be3 Nc6 11. Qd2 Rad8 12. d4 Rfe8 13. Be2 Be4 14. O-O Qf5 15. Rad1 Qg6 16. Bd3 h5 17. Bxe4 Rxe4 18.
h3 Ne5 19. Nxe5 Bxe5 20. f3 Rh4 21. Bg5 Bf4 22. Bxf4 Rxh3 23. g3 h4 24. Qg2 Rxg3 25.
Bxg3 hxg3 26. f4 Re8 27. Rfe1 Rd8 28. Re3 Qg4 29. Rde1 Qxf4 30. Qxg3 Qxg3+ 31. Rxg3 Kf8 32. Kf2 Rd6 33. a4 Rb6 34. b4 Rc6 35. Rh3 g6 36. a5 Kg7 37. Re7 Kf6 38. Rd7 Ke6 39. d5+ Kxd7 40. dxc6+ Kxc6 41. Rh7 f5 42. Rg7 Kb5 43. Rxc7 b6 44. Rxa7 1-0

[Event "*** Titled Tuesday Blitz"]
[Site "Chess.com"]
[Date "2020.04.28"]
[Round "5"]
[White "OparinGrigoriy"]
[Black "vizumatv4hoda"]
[Result "1/2-1/2"]
[WhiteElo "2915"]
[BlackElo "2766"]
[TimeControl "180+1"]
[EndTime "10:55:56 PDT"]
[Termination "Game drawn by agreement"]

1. Nf3 Nf6 2. g3 g6 3. Bg2 Bg7 4. c4 O-O 5. Nc3 d6 6. d4 Nc6 7.
O-O Bf5 8. d5 Na5 9. Nd4 Bd7 10.
b3 c5 11. dxc6 Nxc6 12. Bb2 Nxd4 13. Qxd4 Bc6 14. Qd3 Bxg2 15. Kxg2 Rc8 16. Rfd1 Qc7 17.
Rac1 Qc6+ 18. Qf3 Qxf3+ 19. Kxf3 a6 20. a4 Rc6 21. Ba3 Rfc8 22. Nd5 Nxd5 23. Rxd5 Rb6 24. Rd3 d5 25. cxd5 Rxc1 26. Bxc1 Rd6 27. e4 e6 28. Ba3 Rd7 29. Ke2 exd5 30. Rxd5 Rxd5 31.
exd5 f5 32. Kd3 Kf7 33. Kc4 Ke8 34. d6 Kd7 35. Kd5 Bc3 36. Bc5 Be1 37. f3 Bd2 38.
Bd4 Bb4 39. Be5 Be1 40. g4 fxg4 41. fxg4 Bb4 42. Bg3 Ba3 43. h4 h5 44. gxh5 gxh5 45.
Ke4 Ke6 46. Bf4 Bc5 47. d7 Kxd7 48. Kf5 Bf2 49. Kg5 a5 50. Bd2 b6 51. Kxh5 Kc6 52. Kg4 Bxh4 53. Kxh4 b5 54. Bxa5 bxa4 55. bxa4 1/2-1/2

[Event "*** Titled Tuesday Blitz"]
[Site "Chess.com"]
[Date "2020.04.28"]
[Round "5"]
[White "albi1999"]
[Black "Lysiak_Poltorak"]
[Result "0-1"]
[WhiteElo "2643"]
[BlackElo "2352"]
[TimeControl "180+1"]
[EndTime "10:55:56 PDT"]
[Termination "Lysiak_Poltorak won by resignation"]

1. d4 e6 2. c4 f5 3. Nf3 Nf6 4. Nc3 Be7 5. g3 d6 6. Bg2 O-O 7. O-O Ne4 8. Nxe4 fxe4 9. Nd2 d5 10. f3 exf3 11. Nxf3 Nc6 12. e3 Bd7 13. b3 a5 14. Qe2 Be8 15. Bh3 Qd6 16. e4 dxe4 17.
Qxe4 e5 18. dxe5 Qg6 19. Qxg6 Bxg6 20. Bf4 a4 21. Be6+ Kh8 22. Bd5 Nb4 23. Ng5 c6 24.
Bg2 Bc5+ 25. Kh1 Bd3 26. Rfd1 Bd4 27. Ne6 Bxa1 28. Nxf8 axb3 29. axb3 Bc2 30. Rf1 Bxb3 31. Nd7 Bxc4 32. Rb1 Bc3 33. h4 Nd5 34. Kh2 b5 35. Bxd5 Bxd5 36. Nb6 Ra2+ 37. Kh3 Be6+ 38. g4 h5 39. Rc1 hxg4+ 40. Kg3 Ra3 41. Be3 Bxe5+ 42. Kf2 g3+ 43. Ke2 Bg4+ 44. Kd2 g2 45. Bg1 Bf4+ 46. Kc2 Bxc1 47. Kxc1 Ra1+ 48. Kd2 Rxg1 0-1

[Event "*** Titled Tuesday Blitz"]
[Site "Chess.com"]
[Date "2020.04.28"]
[Round "5"]
[White "EvgenyRomanov"]
[Black "AcsinteMatei"]
[Result "1-0"]
[WhiteElo "2655"]
[BlackElo "2290"]
[TimeControl "180+1"]
[EndTime "10:55:56 PDT"]
[Termination "EvgenyRomanov won on time"]

1. c4 c6 2. e4 d5 3. exd5 cxd5 4.
cxd5 Nf6 5. Qa4+ Nbd7 6. Nc3 g6 7. Bc4 Bg7 8. Nf3 O-O 9. d3 a6 10. Qa3 Rb8 11. Bf4 Ra8 12. O-O Nh5 13. Be3 Rb8 14. Bb3 b5 15. Qb4 a5 16. Qh4 a4 17. Bc2 a3 18.
Rab1 axb2 19. Bd4 b4 20. Ne4 Ndf6 21. Bb3 Nxd5 22. Bxg7 Nxg7 23. Bxd5 Qxd5 24. Qxe7 Qd8 25. Nf6+ Kh8 26. Qxd8 Rxd8 27. Ne5 Be6 28. Nc6 Rdc8 29.
Nxb8 Rxb8 30. Rxb2 Nf5 31. Rfb1 Kg7 32. Ne4 Rd8 33. Rd2 Rb8 34. Nc5 Bd5 35. Na6 Rb5 36.
Nxb4 Nd4 37. a3 Ba8 38. Rc1 Rg5 39. f4 Rg4 40. Rf2 h5 41. Kf1 h4 42. Rc4 Nf5 43.
Nc2 h3 44. gxh3 Rh4 45. Rc8 Bd5 46. Rd8 Be6 47. a4 Rxh3 48. a5 Ne7 49. a6 1-0

[Event "*** Titled Tuesday Blitz"]
[Site "Chess.com"]
[Date "2020.04.28"]
[Round "5"]
[White "Khamrakulov_Djurabek"]
[Black "starworld123"]
[Result "0-1"]
[WhiteElo "2810"]
[BlackElo "2665"]
[TimeControl "180+1"]
[EndTime "10:55:57 PDT"]
[Termination "starworld123 won by resignation"]

1. e4 c5 2. c3 Nf6 3. e5 Nd5 4. d4 cxd4 5. Nf3 e6 6. cxd4 d6 7. Bc4 Nc6 8. O-O Be7 9. Qe2 O-O 10. Bd2 Bd7 11. Nc3 Rc8 12. Nxd5 exd5 13. Bxd5 dxe5 14. dxe5 Bg4 15. Bxc6 Rxc6 16. Bc3 Bc5 17. Qe4 Qc8 18. Rac1 Re8 19. Rfe1 Bxf3 20. Qxf3 Bd4 21. Qg3 Rc5 22. Re4 Rc4 23. Qd3 Bxf2+ 24. Kxf2 Qf5+ 25. Qf3 Qxe4 26. Qxe4 Rxe4 27. Rd1 Ra4 28. a3 Ra6 29.
Rd7 Rb6 30. Bd4 Rb3 31. Ke2 h5 32. Kd2 a6 33. Kc2 Rb5 34. Kc3 Rc8+ 35. Kd3 Rb3+ 36. Kd2 Kf8 37. e6 fxe6 38. Bc3 Rb5 39. a4 Rd5+ 40. Rxd5 exd5 41. Kd3 Kf7 42. Kd4 Ke6 43. b3 g6 44. Bb4 Rc1 0-1

[Event "*** Titled Tuesday Blitz"]
[Site "Chess.com"]
[Date "2020.04.28"]
[Round "5"]
[White "Gajuchess"]
[Black "Koalaskakistis"]
[Result "0-1"]
[WhiteElo "2735"]
[BlackElo "2538"]
[TimeControl "180+1"]
[EndTime "10:55:57 PDT"]
[Termination "Koalaskakistis won on time"]

1. e4 c5 2. Nf3 Nc6 3. Nc3 Nf6 4. Bb5 Qc7 5. O-O a6 6. Bxc6 dxc6 7. h3 e5 8. d3 h6 9. Nd2 g5 10. Nc4 Be6 11. a4 Nd7 12. a5 O-O-O 13. Be3 Be7 14. Qe1 h5 15. Na4 g4 16. Ncb6+ Kb8 17. Nxd7+ Qxd7 18. h4 c4 19. Nb6 Qe8 20. dxc4 Bxh4 21. Qc3 Be7 22. Qxe5+ Bd6 23. Qf6 h4 24. Rad1 Bc7 25. Bf4 Bxf4 26. Qxf4+ Ka7 27. Qc7 Rb8 28. Nd7 Bxd7 29.
Rxd7 Qxe4 30. Qb6+ Ka8 31. Qd4 Qxc2 32. b4 g3 33. b5 cxb5 34. cxb5 gxf2+ 35. Rxf2 Qb1+ 36. Kh2 Qxb5 37. Rfxf7 h3 38. g4 Qe2+ 39. Rf2 Qb5 40. Qb6 Qxd7 0-1

[Event "*** Titled Tuesday Blitz"]
[Site "Chess.com"]
[Date "2020.04.28"]
[Round "5"]
[White "BasilSmash"]
[Black "shyam"]
[Result "0-1"]
[WhiteElo "2432"]
[BlackElo "2688"]
[TimeControl "180+1"]
[EndTime "10:55:57 PDT"]
[Termination "shyam won on time"]

1. d4 Nf6 2. Nf3 g6 3. g3 b5 4. Bg2 Bb7 5. O-O Bg7 6. b3 O-O 7. Nbd2 d6 8. c4 bxc4 9. bxc4 Nbd7 10. Rb1 Rb8 11. Qc2 e5 12. d5 Nc5 13. Ba3 Nfd7 14. Nb3 Qe7 15. Nxc5 Nxc5 16. Bxc5 dxc5 17. Nd2 f5 18. e4 f4 19. Bh3 h5 20. Be6+ Kh7 21. h4 Bh6 22. Nf3 Kg7 23. Kg2 fxg3 24. fxg3 Be3 25. Rb3 Bd4 26. Rfb1 Qf6 27. Qe2 Bxd5 28. cxd5 Rb6 29. Bh3 Rfb8 30. Ng5 Kh8 31. Ne6 c4 32. Rxb6 Rxb6 33. Rxb6 Bxb6 34. Qd2 c3 35. Qc2 Qf2+ 36. Qxf2 Bxf2 37. Nxc7 c2 38. d6 c1=Q 39. Nd5 Qg1+ 40. Kf3 Qxg3+ 41. Ke2 Qxh3 42. Kxf2 Qe6 0-1

[Event "*** Titled Tuesday Blitz"]
[Site "Chess.com"]
[Date "2020.04.28"]
[Round "5"]
[White "pma83"]
[Black "Confer77"]
[Result "0-1"]
[WhiteElo "2237"]
[BlackElo "2484"]
[TimeControl "180+1"]
[EndTime "10:55:57 PDT"]
[Termination "Confer77 won on time"]

1. d4 Nf6 2. c4 g6 3. Nc3 Bg7 4. e4 O-O 5. Nf3 d6 6. Be2 e5 7.
O-O Na6 8. Qc2 exd4 9. Nxd4 Nc5 10. Be3 Re8 11. f3 Nh5 12. Rad1 Qh4 13. Bf2 Qg5 14. g3 Nf4 15. Kh1 Nh3 16. f4 Nxf2+ 17. Rxf2 Qd8 18. f5 c6 19. b4 Nd7 20. Nb3 Qe7 21. Rdf1 Be5 22. fxg6 fxg6 23. c5 Nf6 24. Bc4+ Kg7 25. cxd6 Qxd6 26. Nc5 Bh3 27. Rd1 Qe7 28. Rfd2 b6 29.
Nd3 Bxc3 30. Qxc3 Qxe4+ 31. Kg1 Qe3+ 32. Rf2 Rf8 33. Re1 Qg5 34. Re7+ Kh6 35. Nf4 Nh5 36. Nxh5 Qxe7 37. Qd2+ g5 0-1

[Event "*** Titled Tuesday Blitz"]
[Site "Chess.com"]
[Date "2020.04.28"]
[Round "5"]
[White "suneebaker"]
[Black "FabriceWantiez"]
[Result "1-0"]
[WhiteElo "2253"]
[BlackElo "2404"]
[TimeControl "180+1"]
[EndTime "10:55:57 PDT"]
[Termination "suneebaker won by resignation"]

1. d4 Nf6 2. Nf3 g6 3. g3 Bg7 4. Bg2 d5 5. O-O O-O 6. b3 Ne4 7.
Bb2 c5 8. Nbd2 Nc6 9. e3 cxd4 10. Nxd4 Nxd2 11. Nxc6 bxc6 12. Bxg7 Kxg7 13. Qxd2 Qb6 14. c4 e6 15. Rfc1 Kg8 16. Qb2 Bd7 17. Qf6 Rac8 18. h4 Qd8 19. Qxd8 Rfxd8 20. Rc3 Kf8 21.
Rac1 Ke7 22. cxd5 cxd5 23. Rxc8 Rxc8 24. Rxc8 Bxc8 25. Kf1 Kd6 26. Ke2 Kc5 27. Kd2 e5 28. a3 a5 29. Bf1 d4 30. Bc4 f5 31.
Bg8 h6 32. Bf7 g5 33. hxg5 hxg5 34. exd4+ Kxd4 35. b4 axb4 36. axb4 e4 37. Bb3 f4 38. gxf4 gxf4 39. Bf7 Bb7 40. Bg8 Ba6 41. Bf7 Bc4 42. Be8 Bd5 43. Bb5 Bc4 44. Be8 Ke5 45. Ke1 f3 46. Kd2 Kf4 47. Bc6 Ke5 48. Ke3 Bd3 49.
b5 Bc2 50. b6 Kd6 51. Bxe4 Bxe4 52. Kxe4 Kc6 53. Kxf3 Kxb6 54. Ke4 Kc5 55. Ke5 1-0

[Event "*** Titled Tuesday Blitz"]
[Site "Chess.com"]
[Date "2020.04.28"]
[Round "5"]
[White "GMMarcinDziuba"]
[Black "MITerryble"]
[Result "0-1"]
[WhiteElo "2606"]
[BlackElo "2875"]
[TimeControl "180+1"]
[EndTime "10:55:58 PDT"]
[Termination "MITerryble won by resignation"]

1. e4 e6 2. d3 d5 3. Nd2 Nf6 4. Ngf3 b6 5. g3 dxe4 6. dxe4 Bc5 7. Bd3 e5 8. O-O Bh3 9. Re1 Ng4 10. Re2 O-O 11. Nb3 Be7 12. Bd2 a5 13. a4 Nd7 14.
Bc4 h6 15. Bc3 Bd6 16. Nh4 Qf6 17. Rd2 Nc5 18. Bd5 Rad8 19. Nf5 Nxb3 20. cxb3 Bc5 21. Qf3 c6 22. Bc4 Rxd2 23. Bxd2 Nxf2 24. Be3 Bxe3 25. Qxe3 Ng4 26. Qxb6 g6 27. Nh4 Rd8 28. Bf1 Rd4 29. Nf5 Bxf1 30. Rxf1 gxf5 31. Rxf5 Qd6 32. Kg2 Ne3+ 33. Kh3 Nxf5 34. exf5 Kg7 35. Qxa5 Qf6 36. g4 Rd3+ 37. Kg2 e4 38. Qb4 Qxb2+ 0-1

[Event "*** Titled Tuesday Blitz"]
[Site "Chess.com"]
[Date "2020.04.28"]
[Round "5"]
[White "Malev212"]
[Black "Gabrielian_Artur"]
[Result "0-1"]
[WhiteElo "2514"]
[BlackElo "2725"]
[TimeControl "180+1"]
[EndTime "10:55:58 PDT"]
[Termination "Gabrielian_Artur won by resignation"]

1. d4 Nf6 2. c4 c5 3. d5 e6 4. Nc3 exd5 5. cxd5 d6 6. e4 g6 7. Nge2 Bg7 8. Ng3 h5 9. Be2 h4 10. Nf1 h3 11. g4 O-O 12. Ng3 Re8 13. f3 a6 14. a4 Nbd7 15. Bf4 Ne5 16. Qd2 Rb8 17. Nf5 gxf5 18. gxf5 Nh5 19. Bg5 f6 20. Be3 c4 21.
f4 Nd3+ 22. Bxd3 cxd3 23. a5 b5 24. axb6 Rxb6 25. O-O Rb4 26. Rf3 Re7 27. Rxh3 Qe8 28. Qxd3 Rbxe4 29. Nxe4 Rxe4 30. Rxh5 Rxe3 31. Qd1 Qe4 32. Qg4 Re1+ 33. Rxe1 Qxe1+ 34. Kg2 Bb7 35. Qg6 Bxd5+ 36. Kh3 Qf1+ 37. Kh4 Qxf4+ 38. Kh3 Qf1+ 39.
Kh4 Qe1+ 40. Kh3 Bf7 41. Rh8+ Kxh8 42. Qxf7 Qf1+ 0-1

[Event "*** Titled Tuesday Blitz"]
[Site "Chess.com"]
[Date "2020.04.28"]
[Round "5"]
[White "ulkaf961"]
[Black "Manukyan_Artak"]
[Result "0-1"]
[WhiteElo "2183"]
[BlackElo "2402"]
[TimeControl "180+1"]
[EndTime "10:55:58 PDT"]
[Termination "Manukyan_Artak won on time"]

1. g3 h5 2. h4 e5 3. b3 d5 4. Bb2 Bd6 5. Nf3 Nc6 6. Bg2 Nf6 7. d3 Bg4 8. Nbd2 Qd7 9. c4 d4 10. a3 a5 11. Qc2 O-O 12. c5 Be7 13. Nc4 Qf5 14.
Ncd2 Rad8 15. O-O Bh3 16. Bxh3 Qxh3 17. Ng5 Qf5 18. Nde4 Nxe4 19. Nxe4 Qe6 20. f4 exf4 21. Rxf4 Ne5 22. Raf1 Ng4 23. Qc1 Ne3 24. R1f3 Qh3 25. Rf2 g6 26. Rh2 Qe6 27. Bxd4 Ng4 28. Qc3 Nxh2 29. Bh8 f6 30. Bxf6 Ng4 31. Bh8 Rf7 32. Ng5 Bxg5 33. hxg5 Rdf8 34. e4 Kh7 35. Bd4 Rxf4 36.
gxf4 Qf7 37. f5 gxf5 38. e5 Qe6 39. Qd2 Kg6 40. Qf4 h4 0-1

[Event "*** Titled Tuesday Blitz"]
[Site "Chess.com"]
[Date "2020.04.28"]
[Round "5"]
[White "AnonymusDonkey"]
[Black "Sjakkerntobi"]
[Result "1-0"]
[WhiteElo "2346"]
[BlackElo "2186"]
[TimeControl "180+1"]
[EndTime "10:55:58 PDT"]
[Termination "AnonymusDonkey won by resignation"]

1. e4 e6 2. d4 d5 3. e5 c5 4.
c3 Nc6 5. Nf3 Bd7 6. Na3 cxd4 7. cxd4 Bxa3 8. bxa3 Nge7 9. Bd3 Nf5 10.
O-O O-O 11. Bc2 Qb6 12. Rb1 Qa6 13. Bd3 Qa5 14. Rb5 Qc7 15. Bxf5 exf5 16. Rxd5 Be6 17. Rd6 Ne7 18. d5 Bd7 19. Bg5 Nc8 20. Rxd7 Qxd7 21.
Qb3 Nb6 22. Rd1 h6 23. e6 Qd6 24. Bh4 g5 25. Nxg5 hxg5 26. Bxg5 f6 27. Bh6 Rfd8 28.
Qh3 Nxd5 29. Qxf5 Qe7 30. Rd3 Nf4 31. Rg3+ Kh8 32. h4 Rd1+ 33. Kh2 Nxe6 34. Re3 Re8 35. Qg6 Qd6+ 36. g3 Rf8 37. Rxe6 Rh1+ 38. Kxh1 Qd5+ 39. Kh2 Rf7 40. Re8+ 1-0